 Dungeon Crawl Stone Soup version 0.30-a0-748-ge6a52f7cba (webtiles) character file.

Game seed: 14951341214938806495

271 Sabo the Sneak (level 6, -4/41 HPs)
             Began as an Octopode Brigand on Feb 8, 2023.
             Was an Initiate of Makhleb.
             Slain by a gnoll
             ... wielding a +1 whip of pain
              (8 damage)
             ... on level 4 of the Dungeon on Feb 9, 2023.
             The game lasted 00:19:47 (3726 turns).

Sabo the Sneak (Octopode Brigand)                   Turns: 3726, Time: 00:19:48

Health: -4/41      AC:  1    Str: 11    XL:     6   Next: 23%
Magic:  6/6        EV: 13    Int: 15    God:    Makhleb [......]
Gold:   119        SH:  0    Dex: 13    Spells: 4/5 levels left

rFire   . . .      SeeInvis .    m - +1 war axe
rCold   . . .      Faith    .    (no shield)
rNeg    . . .      Spirit   .    (helmet restricted)
rPois   .          Reflect  .    (no amulet)
rElec   .          Harm     .    j - ring of resist corrosion
rCorr   +          Rampage  .    (no ring)
Will    .....                    (no ring)
Stlth   +++++                    (no ring)
HPRegen 0.26/turn                (no ring)
MPRegen 0.10/turn                (no ring)
                                 (no ring)
                                 (no ring)

@: no status effects
A: almost no armour, amphibious, 8 rings, camouflage 1, gelatinous body 1,
(nimble swimmer 1), tentacles
a: Renounce Religion


You were on level 4 of the Dungeon.
You worshipped Makhleb.
Makhleb was noncommittal.
You visited 1 branch of the dungeon, and saw 4 of its levels.

You collected 119 gold pieces.

Inventory:

Hand Weapons
 a - a +2 dagger
 m - a +1 war axe (weapon)
 p - a +0 sling
Missiles
 b - 7 poisoned darts (quivered)
 c - 3 curare-tipped darts
Jewellery
 j - a ring of resist corrosion (left tentacle)
Wands
 r - a wand of iceblast (7)
Scrolls
 e - 4 scrolls of magic mapping
 i - a scroll of teleportation
 k - a scroll of fear
 n - a scroll of poison
 o - a scroll of fog
 s - a scroll of vulnerability {unknown}
Potions
 d - 2 potions of lignification {unknown}
 f - 3 potions of curing
 g - a potion of cancellation {unknown}
 h - 2 potions of haste {unknown}
 l - 2 potions of heal wounds {unknown}
 q - a potion of mutation {unknown}


   Skills:
 + Level 2.6 Fighting
 + Level 3.2 Short Blades
 + Level 0.6 Axes
 + Level 3.6 Throwing
 + Level 1.4 Dodging
 + Level 7.5 Stealth


You had 4 spell levels left.
You knew the following spells:

 Your Spells              Type           Power      Damage    Failure   Level
a - Freeze                Ice            0%         1d3       26%         1

Your spell library contained the following spells:

 Spells                   Type           Power      Damage    Failure   Level
 Frozen Ramparts          Ice            0%         1d1       63%         3
 Hailstorm                Conj/Ice       0%         3d3       63%         3


Dungeon Overview and Level Annotations

Branches:
Dungeon (4/15)
 Temple: D:4-7

Altars:
Makhleb


Innate Abilities, Weirdness & Mutations

You cannot wear most types of armour.
You are amphibious.
You can wear up to eight rings at the same time.
Your skin changes colour to match your surroundings (Stealth+).
Your rubbery body absorbs attacks. (AC +1, EV +1)
((You are camouflaged when in or above water. (Stealth+)))
You have tentacles for arms and can constrict up to eight enemies at once.


Message History

The gnoll is moderately wounded.
You kill the gnoll!
Makhleb accepts your kill.
Throw: 8 darts (poison)
Press: ? - help, Q - select action, (/) - cycle Shift-Dir - straight line, f - gnoll
Aim: a gnoll, wielding a +0 spear (63% to hit)
You throw a poisoned dart. The poisoned dart hits the gnoll.
The gnoll is poisoned.
The gnoll closely misses you. The gnoll barely misses you.
The gnoll closely misses you.
You hit the gnoll but do no damage. Your grab misses the gnoll.
You hit the gnoll. You hit the gnoll but do no damage.
The gnoll looks more healthy.
The gnoll barely misses you. The gnoll misses you.
The gnoll hits you with a +0 spear. x2
The gnoll closely misses you. The gnoll misses you.
You slash the gnoll! You grab the gnoll.
You tentacle-slap the gnoll, but do no damage.
The gnoll is almost dead.
You closely miss the gnoll. You hit the gnoll but do no damage.
You constrict the gnoll.
You kill the gnoll!
Makhleb accepts your kill.
The gnoll hits you with a +1 whip of pain.
The gnoll hits you with a +0 spear.
The gnoll hits you with a +1 whip of pain.
The gnoll misses you.
Things that are here:
a +0 spear; a gnoll corpse The gnoll hits you with a +1 whip of pain.
Things that are here:
a poisoned dart; a +0 halberd The gnoll hits you with a +1 whip of pain.
The gnoll hits you from afar with a +0 spear.
You closely miss the gnoll. Your grab misses the gnoll.
The gnoll is moderately wounded.
The gnoll hits you with a +1 whip of pain.
The gnoll hits you from afar with a +0 spear!
* * * LOW HITPOINT WARNING * * *
The gnoll hits you with a +1 whip of pain!
You die...

##...............
#................
#................
##................
#.................
##................
#................
#..g)(..(..(.....
#...g@.........?.
##................
#.......####......
##......# ######
##.....# #####+#


You could see 2 gnolls.

Vanquished Creatures
  A phantom (D:4)
  Natasha (thrice) (D:2)
  2 gnolls (D:4)
  3 adders
  An ufetubus (D:4)
  2 worms (D:2)
  A dart slug (D:4)
  2 orcs (D:3)
  9 ball pythons
  5 endoplasms
  A giant cockroach (D:2)
  6 goblins
  7 hobgoblins
  5 kobolds
  2 quokkas (D:1)
  4 bats
  4 frilled lizards
  6 rats
64 creatures vanquished.

Notes
Turn   | Place    | Note
-------+----------+-------------------------------------------
     0 | D:1      | Sabo the Octopode Brigand began the quest for the Orb.
     0 | D:1      | Reached XP level 1. HP: 14/14 MP: 1/1
   170 | D:1      | Reached XP level 2. HP: 19/19 MP: 2/2
   522 | D:1      | Reached skill level 6 in Stealth
   667 | D:1      | You fall into a shaft and drop 1 floor!
  1025 | D:2      | Reached XP level 3. HP: 24/24 MP: 3/3
  1170 | D:2      | Noticed Natasha
  1177 | D:2      | Killed Natasha
  1178 | D:2      | Reached XP level 4. HP: 24/29 MP: 4/4
  1841 | D:2      | Noticed Natasha
  1852 | D:2      | Killed Natasha
  1853 | D:2      | Reached skill level 7 in Stealth
  2112 | D:2      | Learned a level 1 spell: Freeze
  2174 | D:2      | Noticed Natasha
  2181 | D:2      | Killed Natasha
  2182 | D:2      | Reached XP level 5. HP: 19/34 MP: 5/5
  3101 | D:4      | Noticed a phantom
  3114 | D:4      | Killed a phantom
  3115 | D:4      | Reached XP level 6. HP: 10/41 MP: 6/6
  3306 | D:4      | Found a burning altar of Makhleb.
  3312 | D:4      | Became a worshipper of Makhleb the Destroyer
  3726 | D:4      | Slain by a gnoll

Illustrated notes

Levels and vault maps discovered:
D:1:      erik_arrival_orb_chamber, layout_loops_ring, minmay_3d_cube
D:2:      layout_basic, uniq_natasha
D:3:      layout_loops_ring, serial_rivers, chequers_serial_rivers_micro_a,
          chequers_serial_rivers_small_a, chequers_serial_rivers_micro_d,
          chequers_serial_rivers_micro_b, nicolae_titane
D:4:      layout_cave_pods, lemuel_crystal_altar,
          mainiacjoe_overflow_surrounded_room, dk_vineyard_1

Skill      XL: |  1  2  3  4  5 |
---------------+----------------+-----
Stealth        | 6 7 |  7.5
Throwing       | 3 |  3.6
Short Blades   | 3 |  3.2
Fighting       | |  2.6
Axes           | |  0.6
Dodging        | |  1.4

Action                     |  1- 3 |  4- 6 || total
---------------------------+-------+-------++-------
  Melee: Dagger            |    48 |    47 ||    95
         Constrict         |    13 |    12 ||    25
         Tentacles         |     4 |    14 ||    18
         War axe           |       |    17 ||    17
         Punch             |       |     1 ||     1
  Throw: Dart              |    19 |    20 ||    39
    Use: Scroll            |     1 |     6 ||     7
   Stab: Sleeping          |     3 |     6 ||     9
 Armour: Skin              |     9 |       ||     9
  Dodge: Dodged            |    20 |    31 ||    51

Table legend: (Time is in decaauts)
 A = Elapsed time spent in this place.
 B = Non-inter-level travel time spent in this place.
 C = Inter-level travel time spent in this place.
 D = Time resting spent in this place.
 E = Time spent auto-exploring this place.
 F = Levels seen in this place.
 G = Mean time per level.
                   A        B        C        D        E       F      G
               +--------+--------+--------+--------+--------+-----+--------+
         Total |   3714 |   3714 |      0 |    537 |      0 |   4 |  928.5 |
       Dungeon |   3714 |   3714 |      0 |    537 |      0 |   4 |  928.5 |
               +--------+--------+--------+--------+--------+-----+--------+

Top non-repeatable levels by time:
     D:2: 1355 daAuts
     D:1: 1006 daAuts
     D:3: 721 daAuts
     D:4: 631 daAuts
